AoeStats
← Privilege

African Clearing

506884123Analyzed
4v4 RM · 16d ago on Sep 15, 2026· 24m 18s· 8 players
Game mode
Random Map
Map size
Large (8 player)
Population
200
Speed
Normal
Resources
Standard
Victory
Conquest
Starting age
Dark Age
Ending age
Imperial Age
RankedLock teamsTeams togetherTeam positionsShared explorationLock speedFull tech treeHidden civsTurbo modeCheats
Victory
Defeat
🇹🇷 Huns · Türkiye
1456
+14
🇭🇰 Magyars · Hong Kong SAR China
1445
+15
🇧🇷 Vietnamese · Brazil
1428
+16
🇨🇳 Spanish · China
1382
+18
🇨🇳 Burgundians · China
1597
-23
🇨🇳 Magyars · China
1528
-20
🇨🇳 Gurjaras · China
1309
-11
1247
-9
椒香三角铁
6:00 Loom
12:20 Feudal Age
17:52 Town Watch
21:54 Bloodlines
25:56 Castle Age
坐边抗压沙包人
5:42 Loom
25:39 Feudal Age
Privilege
4:51 Loom
17:02 Feudal Age
22:15 Double-Bit Axe
心如止水
9:09 Loom
11:34 Feudal Age
12:15 Double-Bit Axe
14:40 Scale Barding Armor
16:19 Forging
24:10 Castle Age
WeWereBornToFly
9:03 Loom
12:26 Feudal Age
17:31 Double-Bit Axe
21:12 Scale Barding Armor
22:36 Forging
Ren
5:12 Loom
13:44 Feudal Age
14:43 Double-Bit Axe
19:34 Forging
20:20 Scale Mail Armor
20:30 Horse Collar
22:19 Fletching
25:15 Wheelbarrow
p1c0
3:10 Loom
16:16 Feudal Age
20:25 Castle Age
19:30 Fletching
24:25 Bodkin Arrow
jardan1234
8:27 Loom
13:09 Feudal Age
15:37 Double-Bit Axe
24:55 Wheelbarrow
Connection lost

Rejoining the realm…

Still unreachable

The connection could not be restored.

Session expired

The server has moved on; the page needs a fresh start.